[Event "Rapid Tournament (RAP)"]
[Site "Biel, Switzerland"]
[Date "2026.07.12"]
[Round "9.29"]
[White "Pinelli, Gian"]
[Black "Arntz, Christoph"]
[Result "1-0"]
[TimeControl "15 + 5"]
[WhiteTitle "-"]
[BlackTitle "-"]
[WhiteFideId "1348710"]
[BlackFideId "16257723"]
[WhiteElo "1774"]
[BlackElo "1999"]

1. d4 Nf6 2. c4 e6 3. Nc3 d5 4. cxd5 exd5 5. Bg5 Be7 6. e3 O-O 7. Bd3 c6 8. Nge2 h6 9.
Bf4 Re8 10. O-O Nh5 11. Qc2 Nd7 12. Nxd5 Nxf4 13. Nxe7+ Qxe7 14. Nxf4 Nf6 15. Rfe1 Qd6 16. Rad1 g5 17. Ne2 Ng4 18.
Ng3 Be6 19. f3 Nf6 20. Bf5 Rad8 21. e4 Qb4 22. a3 Qb6 23. Qc3 h5 24. Bxe6 fxe6 25. Kh1 h4 26. Ne2 g4 27. Rg1 Qc7 28. e5 Nd5 29. Qd3 Qg7 30.
fxg4 Qxg4 31. Qf3 Qg5 32. g3 h3 33. Nf4 Kh7 34. Nxe6 Rxe6 35. Qf7+ Kh8 36. Qxe6 Qh5 37. Rdf1 Rg8 38.
Qf5 Qh6 39. Re1 Rf8 40. Qg4 Rg8 41. Qh4 Kh7 42. Qxh6+ Kxh6 43. Rgf1 Rd8 44. Re4 Kg5 45. Rf7 c5 46. e6 Nf6 47. Re5+ Kg6 48. d5 Nxd5 49. Rd7 Rf8 50. Kg1 Nf6 51. Rxb7 Rd8 52. Re1 Rd2 53. e7 Ne8 54. Rb8 Kf7 55. Rf1+ Kxe7 56. Re1+ Kd7 57. Rbxe8 1-0

[Event "Rapid Tournament (RAP)"]
[Site "Biel, Switzerland"]
[Date "2026.07.12"]
[Round "9.30"]
[White "Huang, Hsuan-Chen"]
[Black "Javet, Blaise"]
[Result "1-0"]
[TimeControl "15 + 5"]
[WhiteTitle "-"]
[BlackTitle "-"]
[WhiteFideId "16303121"]
[BlackFideId "1305026"]
[WhiteElo "1648"]
[BlackElo "1980"]

1. d4 Nf6 2. Nf3 g6 3.
Nbd2 Bg7 4. e4 d6 5. Bd3 O-O 6.
O-O Nc6 7. Re1 e5 8. c3 Bd7 9. Nb3 a5 10. a4 exd4 11. cxd4 Nb4 12. Bb1 Re8 13. Bd2 b6 14. Bc3 c5 15. Nbd2 d5 16. dxc5 bxc5 17. exd5 Nfxd5 18. Bxg7 Kxg7 19.
Ne4 Qc7 20. Ba2 Be6 21. Rc1 Nxa2 22. Rxc5 Qd8 23. b3 Nab4 24. Qd4+ Kg8 25. Rd1 Rc8 26. Rb5 Qc7 27. Nfd2 Qf4 28.
g3 Qc7 29. Nc4 Bf5 30. Ned6 Be6 31. Ne4 Nc6 32. Qb2 Red8 33. Rbxd5 Bxd5 34. Nf6+ Kf8 35. Nxh7+ Ke7 36. Qf6+ Ke8 37.
Qh8+ Ke7 38. Re1+ Be6 39. Qf6+ Ke8 40. Rxe6+ fxe6 41. Qxe6+ Qe7 42. Nf6+ Kf8 43. Qg8# Ke8 44. Qe6+ Qc7
45. Nh7+ Ne7 1-0

[Event "Rapid Tournament (RAP)"]
[Site "Biel, Switzerland"]
[Date "2026.07.12"]
[Round "9.31"]
[White "Egli, Urs"]
[Black "Alexakis, Dimitrios"]
[Result "1/2-1/2"]
[TimeControl "15 + 5"]
[WhiteTitle "-"]
[BlackTitle "-"]
[WhiteFideId "1306685"]
[BlackFideId "4200527"]
[WhiteElo "1964"]
[BlackElo "1954"]

1. g3 c5 2. Bg2 Nc6 3.
e4 g6 4.
d3 Bg7 5. Nf3 d6 6. O-O Nf6 7. Re1 O-O 8. Nbd2 a6 9. a4 Rb8 10. e5 dxe5 11. Nxe5 Nxe5 12. Rxe5 Ng4 13. Re2 f5 14. h3 Ne5 15. Nf3 Nxf3+ 16. Bxf3 e5 17. Be3 Qd6 18. Qf1 Be6 19. Qg2 b6 20. a5 b5 21. Bd2 Rbe8 22. Rae1 b4 23. b3 h6 24. g4 Kh7 25.
Bc6 Rc8 26. Bb7 Rcd8 27. Bf4 fxg4 28. Bxe5 Bxe5 29. Rxe5 gxh3 30. Qe4 Bf5 31. Re7+ Kh8 32. Qe5+ Qxe5 33. R1xe5 c4 34. bxc4 b3 35.
cxb3 Rxd3 36. Bxa6 Rxb3 37. Bb5 Bd3 38. Re8 Rxe8 39. Rxe8+ Kg7 40. a6 Ra3 41. Re7+ Kf6 42. Rc7 Be4 43. Bc6 Bxc6 44. Rxc6+ Kf5 45. c5 g5 46. Rxh6 g4 47. Kh2 Ra2 48. Kg3 Ra3+ 49. Kh2 Ra2 50. Kg3 Ra3+ 1/2-1/2

[Event "Rapid Tournament (RAP)"]
[Site "Biel, Switzerland"]
[Date "2026.07.12"]
[Round "9.32"]
[White "Pinson, Clement"]
[Black "Ranieri, Pierpaolo"]
[Result "1-0"]
[TimeControl "15 + 5"]
[WhiteTitle "-"]
[BlackTitle "-"]
[WhiteFideId "26098660"]
[BlackFideId "893986"]
[WhiteElo "1924"]
[BlackElo "1891"]

1. e4 d6 2. d4 Nf6 3. Nc3 g6 4. Be3 c6 5. Qd2 b5 6. f3 Nbd7 7. Bd3 Bb7 8.
a4 b4 9.
Nd1 a5 10. Nf2 Nb6 11. Ne2 Nfd7 12. c4 c5 13. O-O Bg7 14. Bh6 O-O 15. Ng4 cxd4 16. Bxg7 Kxg7 17. Qh6+ Kg8 18. f4 Nf6 19.
Nxf6+ exf6 20. Rf3 Re8 21. Rh3 Bxe4 22. Qxh7+ Kf8 23. Qh6+ Ke7 24. Bxe4 d5 25. cxd5 Nxd5 26. Re1 Kd6 27. Qh4 Rxe4 28. Rd3 Qe7 29.
Qf2 Re8 30. Rd2 b3 31. h3 Qe6 32. Kh2 d3 33. Nd4 Qe7 34. Nb5+ Kd7 35. Rc1 Rc8 36. Qa7+ Kd8 37. Rxc8+ Kxc8 38.
Qa8+ Kd7 39. Qxd5+ Ke8 40. Qxe4 1-0

[Event "Rapid Tournament (RAP)"]
[Site "Biel, Switzerland"]
[Date "2026.07.12"]
[Round "9.33"]
[White "Piazza, Carlo"]
[Black "Duric, Ivan"]
[Result "1-0"]
[TimeControl "15 + 5"]
[WhiteTitle "-"]
[BlackTitle "-"]
[WhiteFideId "809683"]
[BlackFideId "1358138"]
[WhiteElo "2076"]
[BlackElo "1832"]

1. e4 c5 2. Nf3 d6 3. d4 cxd4 4. Nxd4 Nf6 5. Nc3 a6 6. h3 e5 7. Nb3 Be6 8.
f4 exf4 9. Bxf4 Nc6 10. Qe2 Be7 11. O-O-O Bxb3 12. axb3 Qc7 13. g4 h6 14. Bg2 Ne5 15. Bf3 Rc8 16. Rd2 Nfd7 17. Nd5 Qd8 18.
Nxe7 Qxe7 19. Rhd1 Rc6 20. Kb1 O-O 21. Qe3 g5 22. Bg3 Re8 23. Be2 Qf6 24. Rf1 Qg6 25. Rf5 Nc5 26. Rd5 Ne6 27.
Bxe5 dxe5 28. Rdxe5 Rec8 29. c3 Nf4 30. Bc4 R6c7 31. h4 Ne6 32. hxg5 Kh7 33. gxh6 b5 34. Bd5 Rd7 35. g5 Nc7 36.
Rf6 Rxd5 37. Rxg6 Rxe5 38. Rg7+ Kh8 39. Rxf7 1-0

[Event "Rapid Tournament (RAP)"]
[Site "Biel, Switzerland"]
[Date "2026.07.12"]
[Round "9.34"]
[White "De Gregorio, Alexis"]
[Black "Di Meo, Quentin"]
[Result "1/2-1/2"]
[TimeControl "15 + 5"]
[WhiteTitle "-"]
[BlackTitle "-"]
[WhiteFideId "1310054"]
[BlackFideId "1338498"]
[WhiteElo "2030"]
[BlackElo "1828"]

1. e4 c6 2. Nf3 d5 3.
exd5 cxd5 4. d4 Nf6 5. c4 Nc6 6.
Nc3 Bg4 7. cxd5 Nxd5 8. Bb5 Bxf3 9. Qxf3 e6 10. O-O Rc8 11. Re1 Be7 12. Nxd5 Qxd5 13. Qxd5 exd5 14. Bf4 Kf8 15. Rac1 f6 16.
Rc2 Kf7 17. Rec1 Rhe8 18. Kf1 Bb4 19. a3 Ba5 20. b4 Bb6 21. Be3 Re6 22. Be2 Rce8 23. Bf3 Ne7 24. g4 Rd6 25. Bf4 Rd7 26.
Be3 Nc6 27. Rd1 g6 28. b5 Na5 29. Rdc1 Nc4 30. Rc3 Nxe3+ 31. fxe3 Ke6 32. Kf2 Ree7 33. h3 Rc7 34. Rxc7 Rxc7 35.
Rxc7 Bxc7 36. Ke2 1/2-1/2

[Event "Rapid Tournament (RAP)"]
[Site "Biel, Switzerland"]
[Date "2026.07.12"]
[Round "9.35"]
[White "Labrovic, Jakov"]
[Black "Yang, Sung-Jui"]
[Result "1-0"]
[TimeControl "15 + 5"]
[WhiteTitle "-"]
[BlackTitle "-"]
[WhiteFideId "14549786"]
[BlackFideId "16301048"]
[WhiteElo "2005"]
[BlackElo "1825"]

1. e4 e6 2. d4 d5 3. e5 c5 4. c3 Qb6 5. Nf3 Nc6 6. Bd3 cxd4 7. O-O Bd7 8. Re1 Nge7 9. h4 h6 10. h5 Rc8 11. Nbd2 dxc3 12.
bxc3 Na5 13. Rb1 Qc7 14. c4 dxc4 15. Ne4 Nd5 16. Bc2 Be7 17. Qd4 b5 18. Nd6+ Bxd6 19. exd6 Qxd6 20. Qxg7 Ke7 21.
Ne5 Rhf8 22. Bxh6 Nc3 23. Ra1 b4 24. Ng6+ Ke8 25. Nxf8 Bc6 26. Nxe6 fxe6 27. Bg6+ Kd8 28. Bg5+ 1-0

[Event "Rapid Tournament (RAP)"]
[Site "Biel, Switzerland"]
[Date "2026.07.12"]
[Round "9.36"]
[White "Tcheau, Alain"]
[Black "Groux, Mathias"]
[Result "1-0"]
[TimeControl "15 + 5"]
[WhiteTitle "-"]
[BlackTitle "-"]
[WhiteFideId "1306014"]
[BlackFideId "1360752"]
[WhiteElo "1932"]
[BlackElo "1813"]

1. h3 e5 2. c3 Nf6 3. d4 Nc6 4. dxe5 Nxe5 5. Bf4 Ng6 6. Bh2 d5 7. e3 c6 8. Nf3 Qb6 9. Qb3 Be6 10.
Qxb6 axb6 11. a3 Nd7 12. Nbd2 Nc5 13. Be2 Bf5 14. O-O Be7 15. Bc7 b5 16. Bb6 O-O 17. Bxc5 Bxc5 18. Nd4 Be6 19.
N2b3 Bd6 20. Nxe6 fxe6 21. Bg4 Rf6 22. Nd4 Re8 23. f4 e5 24. Nf5 Bc5 25. fxe5 Nxe5 26. Be2 Nc4 27. Bxc4 bxc4 28.
Rae1 Rfe6 29. Rf3 g6 30. Nd4 Re4 31. Kf2 Kg7 32. a4 h6 33. a5 R8e7 34. a6 bxa6 35. Nxc6 R7e6 36. Nd4 Re7 37.
Ra1 Ra7 38. Ra5 Bxd4 39. exd4 Rae7 40. Rxa6 Re2+ 41. Kg3 Rxb2 42.
Rff6 Re3+ 43. Kh2 Ree2 44. Rxg6+ Kf7 45. Raf6+ Ke7 46. h4 Rbc2 47. h5 Rxc3 48. Rd6 Rc1 1-0

[Event "Rapid Tournament (RAP)"]
[Site "Biel, Switzerland"]
[Date "2026.07.12"]
[Round "9.37"]
[White "Mueller, Ladina"]
[Black "Wilhelm, Serge"]
[Result "0-1"]
[TimeControl "15 + 5"]
[WhiteTitle "-"]
[BlackTitle "-"]
[WhiteFideId "1351907"]
[BlackFideId "1305808"]
[WhiteElo "1807"]
[BlackElo "1923"]

1. c4 Nf6 2. g3 e6 3. Bg2 d5 4. cxd5 exd5 5. d4 c6 6.
Bg5 h6 7. Bxf6 Qxf6 8. e3 Bd6 9. Nc3 O-O 10. Nf3 Re8 11. O-O Bg4 12. h3 Bh5 13.
g4 Bg6 14. Qb3 0-1

[Event "Rapid Tournament (RAP)"]
[Site "Biel, Switzerland"]
[Date "2026.07.12"]
[Round "9.38"]
[White "Lopez, Manuel"]
[Black "Fortier, Nicolas"]
[Result "1/2-1/2"]
[TimeControl "15 + 5"]
[WhiteTitle "-"]
[BlackTitle "-"]
[WhiteFideId "1306324"]
[BlackFideId "1308750"]
[WhiteElo "1916"]
[BlackElo "1810"]

1. e4 e5 2. Nf3 Nc6 3. Bb5 a6 4. Ba4 Nf6 5. d3 Bc5 6. Be3 Bxe3 7. fxe3 b5 8. Bb3 O-O 9. O-O d5 10. exd5 Nxd5 11. e4 Ne3 12. Qe2 Nxf1 13. Qxf1 Qe7 14.
c3 Be6 15. Bc2 Rad8 16. Nbd2 f6 17. Rd1 Na5 18. b4 Nc6 19. Nb3 Bf7 20. Nc5 a5 21. a3 axb4 22. axb4 Ra8 23. Nh4 Ra3 24.
Nf5 Qe8 25. c4 Nxb4 26. Bb1 Na6 27. Nxa6 Rxa6 28. c5 Be6 29. Rd2 Bxf5 30. Qxf5 Qc8 31. Qf3 Rc6 32. Ba2+ Kh8 33. Rc2 Ra6 34.
c6 Qa8 35. Qf2 Rd8 36. h4 Rxd3 37. Be6 Qa7 38. Qxa7 Rxa7 39. Rb2 Ra5 40. Kh2 g6 41. g4 Kg7 42. g5 Rd4 43. Rf2 f5 44.
exf5 gxf5 45. Rxf5 Rxh4+ 46. Kg3 Rf4 47. Rxe5 Rf1 48. Bd5 Ra7 49. Be4 Rg1+ 50. Kf4 Rf1+ 51. Kg4 Ra4 52. Re7+ Kf8 53. Re5 b4 54. Bxh7 b3+ 55.
Kh5 b2 56. Bd3 Rh1+ 57. Kg6 b1=Q 58.
Bxb1 Rxb1 59. Rd5 Rb8 60. Rd7 Ra7 61. Kf6 Re8 62. g6 Ra1 63. Rf7+ Kg8 64. Rg7+ Kf8 65. Rf7+ Kg8 66. Rd7 Kf8 67. Rd6 Raa8 68. Rd5 1/2-1/2

[Event "Rapid Tournament (RAP)"]
[Site "Biel, Switzerland"]
[Date "2026.07.12"]
[Round "9.39"]
[White "Materia, Mario"]
[Black "Arocha, Carlos"]
[Result "0-1"]
[TimeControl "15 + 5"]
[WhiteTitle "-"]
[BlackTitle "-"]
[WhiteFideId "651082241"]
[BlackFideId "1311590"]
[WhiteElo "1914"]
[BlackElo "1807"]

1. d4 g6 2. c4 Bg7 3. Nc3 d6 4. e4 Nf6 5. h3 a6 6. Be3 Nbd7 7. Nf3 c5 8. d5 O-O 9. Be2 Re8 10.
O-O e6 11. dxe6 Rxe6 12. Ng5 Re8 13. Qxd6 Qe7 14. Qxe7 Rxe7 15. Bd3 h6 16. Nf3 b6 17. Nd2 Bb7 18. f3 Ne5 19. Bc2 Rd7 20.
Nd5 Rd6 21. Rad1 Rad8 22. b3 g5 23. Nb1 Nc6 24. Nbc3 Nh5 25. Na4 Nd4 26. Bd3 Bxd5 27. exd5 Re8 28. Rfe1 f5 29. Bf2 Rxe1+ 30. Rxe1 Nf4 31. Rd1 Kf7 32. Kh1 Nxd3 33. Rxd3 Be5 34. Nc3 Bf6 35. Bg3 f4 36. Bf2 Rd8 37. Ne4 Bg7 38. b4 Nf5 39.
bxc5 bxc5 40. Nxc5 Rb8 41. Rb3 Re8 42. Rb7+ Kg6 43. Rb6+ Kh5 44. Re6 Rb8 45. Nb3 a5 46. a4 Rxb3 47. c5 Rb1+ 48. Be1 Ne3 49. d6 Rxe1+ 50. Kh2 Nf1+ 51. Kg1 Rxe6 52. d7 Bf6 53. Kxf1 Rc6 0-1

[Event "Rapid Tournament (RAP)"]
[Site "Biel, Switzerland"]
[Date "2026.07.12"]
[Round "9.40"]
[White "Lachat, Pierre"]
[Black "Paholok, Igor"]
[Result "0-1"]
[TimeControl "15 + 5"]
[WhiteTitle "-"]
[BlackTitle "-"]
[WhiteFideId "1310763"]
[BlackFideId "1338951"]
[WhiteElo "1904"]
[BlackElo "1784"]

1. d4 g6 2. c4 Bg7 3. Nc3 c5 4. e3 f5 5.
Nf3 d6 6. Qc2 Nf6 7. d5 Na6 8. a3 Nc7 9. Bd3 Bd7 10. Rb1 a6 11. O-O b5 12. b4 cxb4 13. Rxb4 bxc4 14. Bxc4 Rb8 15. Rxb8 Qxb8 16. Bb2 O-O 17.
Rb1 Qa8 18. Qd3 Rb8 19. Ba1 Rb7 20. Rd1 Qa7 21. Ng5 h6 22. Ne6 Nxe6 23. dxe6 Bc6 24. Nd5 Bxd5 25. Bxd5 Nxd5 26. Qxd5 Bxa1 27.
Rxa1 Rb2 28. Qc6 Qb8 29. g3 Rb6 30. Qc4 Rb1+ 31. Rxb1 Qxb1+ 32. Kg2 Qe4+ 33. Qxe4 fxe4 34. f3 Kg7 35.
fxe4 Kf6 36. Kf3 Kxe6 37. h4 Ke5 38.
a4 a5 39. g4 e6 40. h5 g5 41. Kf2 Kxe4 42. Ke2 e5 43. Kf2 Kd3 44. Kf3 d5 45. Kf2 e4 0-1

[Event "Rapid Tournament (RAP)"]
[Site "Biel, Switzerland"]
[Date "2026.07.12"]
[Round "9.41"]
[White "Zumbrunn, Simon"]
[Black "Lang, Fabian"]
[Result "0-1"]
[TimeControl "15 + 5"]
[WhiteTitle "-"]
[BlackTitle "-"]
[WhiteFideId "1364146"]
[BlackFideId "1310160"]
[WhiteElo "1727"]
[BlackElo "1900"]

1. e4 c6 2. d4 d5 3. f3 Qb6 4. Nc3 e5 5. dxe5 Bc5 6. Na4 Qa5+ 7. c3 Bxg1 8. b4 Qc7 9. Rxg1 Qxe5 10. Qd4 Qxd4 11.
cxd4 Ne7 12. Bf4 Nd7 13. Nc3 Nb6 14. a4 Be6 15. Bg3 O-O 16. a5 Nc4 17. Bxc4 dxc4 18. Kf2 f5 19. Bd6 Rfe8 20.
Bxe7 Rxe7 21. e5 Rd7 22. Rgd1 Rad8 23. Ne2 Kf7 24. f4 Bd5 25. Nc3 b5 26. axb6 axb6 27. Ra6 b5 28. Nxd5 Rxd5 29.
Ke3 Rc8 30. Ra7+ Kf8 31. h3 c5 32. bxc5 Rcxc5 33. dxc5 Rxd1 34. c6 Rd8 35. c7 Rc8 36. Kd4 Ke7 37. Kd5 c3 38. Kc6 c2 39.
Ra1 b4 40. Kb7 Rxc7+ 41. Kxc7 b3 42. Kb8 b2 43. Ra7+ Kf8 44. e6 b1=Q+ 45. Ka8 c1=Q 0-1

[Event "Rapid Tournament (RAP)"]
[Site "Biel, Switzerland"]
[Date "2026.07.12"]
[Round "9.42"]
[White "Knuesel, Jolan"]
[Black "Trubini, Timon"]
[Result "1/2-1/2"]
[TimeControl "15 + 5"]
[WhiteTitle "-"]
[BlackTitle "-"]
[WhiteFideId "1364529"]
[BlackFideId "1347799"]
[WhiteElo "1651"]
[BlackElo "1896"]

1. d4 d5 2. Bf4 Nf6 3.
e3 e6 4.
Nf3 c5 5. c3 Nc6 6. Bd3 Qb6 7. Qb3 c4 8. Qxb6 axb6 9. Bc2 Nh5 10. Bg3 Nxg3 11. hxg3 h6 12. Nbd2 b5 13. b4 Ra3 14.
Nb1 Ra8 15. Nbd2 Ra3 16. Nb1 1/2-1/2

[Event "Rapid Tournament (RAP)"]
[Site "Biel, Switzerland"]
[Date "2026.07.12"]
[Round "9.43"]
[White "Berezovskii, Arina"]
[Black "Schmied, Stefan"]
[Result "1-0"]
[TimeControl "15 + 5"]
[WhiteTitle "-"]
[BlackTitle "-"]
[WhiteFideId "34449850"]
[BlackFideId "1335804"]
[WhiteElo "1895"]
[BlackElo "1778"]

1. e4 c6 2. d4 d5 3. exd5 cxd5 4. Bd3 Nc6 5. c3 Nf6 6. h3 g6 7. Qc2 Bg7 8.
Nf3 O-O 9. O-O Qc7 10. Bg5 e5 11. dxe5 Nxe5 12. Nxe5 Qxe5 13. Be3 Be6 14. Nd2 Rfc8 15. Nf3 Qd6 16. Bd4 Nd7 17. Bxg7 Kxg7 18.
Qd2 a5 19. Rad1 Qc5 20. Bc2 a4 21. a3 Nf6 22. Rfe1 Ra6 23. Ne5 b5 24. Nd3 Qc7 25. Nf4 Rd6 26. Qd4 Qc5 27. Qxc5 Rxc5 28. Rd4 Rc4 29. Red1 Rxd4 30.
Rxd4 g5 31. Nd3 h6 32. Nb4 Kf8 33. Bd1 Ke7 34. Be2 Bd7 35. Bf3 Be6 36. Nc2 Kd7 37. Rb4 Rb6 38. Be2 Kc6 39. Nd4+ Kc5 40.
Bxb5 Ne4 41. Bxa4 Rxb4 42. axb4+ Kc4 43. Bb3+ Kd3 44. Bc2+ Kc4 45. Bxe4 dxe4 46. Nxe6 fxe6 47. Kf1 1-0

[Event "Rapid Tournament (RAP)"]
[Site "Biel, Switzerland"]
[Date "2026.07.12"]
[Round "9.44"]
[White "Varela Tavares, Goncalo"]
[Black "Belmadani, Naim"]
[Result "0-1"]
[TimeControl "15 + 5"]
[WhiteTitle "-"]
[BlackTitle "-"]
[WhiteFideId "1344773"]
[BlackFideId "1354302"]
[WhiteElo "1880"]
[BlackElo "1758"]

1. g3 e6 2. b3 d5 3.
Bb2 Nf6 4. Bg2 c5 5. e3 Nc6 6.
Ne2 Bd7 7. O-O g6 8. d4 cxd4 9. Nxd4 Nxd4 10. exd4 Bg7 11. Ba3 b5 12. Bc5 Bc6 13. a4 a6 14. a5 Nd7 15. Bb4 Rc8 16.
Nd2 Qc7 17. Rc1 Nb8 18. c4 bxc4 19. bxc4 Bb7 20. Qa4+ Qd7 21. Qa3 Bxd4 22. cxd5 e5 23. Ne4 Rxc1 24. Nf6+ Kd8 25. Nxd7 Rxf1+ 26. Bxf1 Nxd7 27. Be7+ Ke8 28. d6 f5 29. Qb3 Nc5 30. Qb1 Kd7 31. Qb6 Rc8 32. Bc4 Ba8 33. Kf1 Bb7 34. Qb1 Be4 35.
Qc1 Nd3 36. Qh6 Rxc4 37. f3 Bxf3 38. Bg5 Kxd6 39. Qxh7 Kc5 40. Qc7+ Kb4 41. Qb8+ Ka4 42. Qb1 f4 43. gxf4 Rc1+ 0-1

[Event "Rapid Tournament (RAP)"]
[Site "Biel, Switzerland"]
[Date "2026.07.12"]
[Round "9.45"]
[White "Hajduk, Tomasz"]
[Black "Gheorghiu, Alexandru"]
[Result "1-0"]
[TimeControl "15 + 5"]
[WhiteTitle "-"]
[BlackTitle "-"]
[WhiteFideId "21811415"]
[BlackFideId "1363573"]
[WhiteElo "1879"]
[BlackElo "1647"]

1. e4 c6 2. d4 d5 3. Nc3 dxe4 4. Nxe4 Nf6 5. Nxf6+ exf6 6. Nf3 Be6 7. Be2 c5 8. O-O Nc6 9. Bb5 Qb6 10. Bxc6+ bxc6 11. c3 Rd8 12.
Qe2 cxd4 13. Nxd4 c5 14. Qb5+ Bd7 15. Qe2+ Be6 16. Nc2 Bd6 17. a4 O-O 18. a5 Qc7 19. h3 Rfe8 20. Be3 f5 21.
f4 Bd5 22. a6 Re4 23. Qf2 Bb3 24. Na3 Rde8 25. Nb5 Qc6 26. Nxd6 Qxd6 27. Bxc5 Qc6 28. Bxa7 Re2 29. Qg3 Rd2 30. Bd4 g6 31. Rfe1 Rxe1+ 32. Rxe1 Rxb2 33. a7 Ra2 34. Qg5 Bd5 35. Qd8+ 1-0

[Event "Rapid Tournament (RAP)"]
[Site "Biel, Switzerland"]
[Date "2026.07.12"]
[Round "9.46"]
[White "Gunzinger, Severin"]
[Black "Villiger, Jan"]
[Result "0-1"]
[TimeControl "15 + 5"]
[WhiteTitle "-"]
[BlackTitle "-"]
[WhiteFideId "1362518"]
[BlackFideId "1340891"]
[WhiteElo "1607"]
[BlackElo "1846"]

1. d4 Nf6 2. c4 g6 3. Nc3 d5 4. cxd5 Nxd5 5. e4 Nxc3 6. bxc3 Bg7 7. Nf3 c5 8.
Be3 Qa5 9. Nd2 cxd4 10. Nc4 Qc7 11. cxd4 O-O 12. Be2 Rd8 13. Rb1 e6 14. O-O Nc6 15. d5 exd5 16. exd5 Ne5 17. Nxe5 Bxe5 18.
h3 Qa5 19. Bc4 b6 20. Qb3 Bd6 21. Bg5 Rf8 22. Bf6 Bf5 23. Qe3 Rfe8 24. Rb5 Rxe3 25. Rxa5 Re4 26. Ra4 Bd7 27. f3 Rf4 28.
Bg5 Bxa4 29. Bxf4 Bxf4 30. Re1 Bd6 31. Re2 Rc8 32. Bd3 Bg3 33. Rb2 Rc1+ 34. Bf1 a6 35. d6 Bb5 0-1

[Event "Rapid Tournament (RAP)"]
[Site "Biel, Switzerland"]
[Date "2026.07.12"]
[Round "9.47"]
[White "Filimonov, Arsenii"]
[Black "Gheorghiu, Harry"]
[Result "1-0"]
[TimeControl "15 + 5"]
[WhiteTitle "-"]
[BlackTitle "-"]
[WhiteFideId "34171584"]
[BlackFideId "1248839"]
[WhiteElo "1843"]
[BlackElo "1751"]

1. e4 d5 2. exd5 Nf6 3. d4 Nxd5 4.
c4 Nf6 5. Nc3 Bf5 6. Nf3 e6 7.
h3 Bb4 8. Bd3 Ne4 9. Bxe4 Bxe4 10. O-O Bxc3 11. bxc3 O-O 12. Re1 Bc6 13. Ne5 b6 14. Nxc6 Nxc6 15. Qf3 Na5 16. Qd3 Qf6 17.
Re4 Qg6 18. Qe2 h5 19. Rh4 Rad8 20. Rxh5 Rfe8 21. Bf4 f6 22. Rh4 c5 23. Rg4 Qf5 24. dxc5 bxc5 25. Bc7 Nc6 26. Bxd8 Rxd8 27.
Rd1 Rb8 28. Rd7 Rb1+ 29. Kh2 g5 30. Rg3 Ne5 31. Rd8+ Kf7 32. Qh5+ Ke7 33. Qe8# 1-0

[Event "Rapid Tournament (RAP)"]
[Site "Biel, Switzerland"]
[Date "2026.07.12"]
[Round "9.49"]
[White "Erb, Bernhard"]
[Black "Cousin, Ismael"]
[Result "1/2-1/2"]
[TimeControl "15 + 5"]
[WhiteTitle "-"]
[BlackTitle "-"]
[WhiteFideId "1319809"]
[BlackFideId "1364561"]
[WhiteElo "1837"]
[BlackElo "1588"]

1. f4 e5 2. fxe5 d6 3. Nf3 Nc6 4. e3 dxe5 5. Nc3 Bg4 6. Be2 Bd6 7. Ne4 Nf6 8. Nxd6+ Qxd6 9. O-O h5 10.
h3 Be6 11. b3 Rh6 12. Bb2 Rg6 13. Nh4 Rg3 14. Nf5 Bxf5 15. Rxf5 g6 16. Rf1 Qe6 17. Kh2 Rg5 18. Bc4 Qd6 19.
Qe2 O-O-O 20. a4 Ne4 21. Bd3 Nc5 22. Kh1 f5 23. Ba3 Qd5 24. Bc4 Qd6 25. d3 b6 1/2-1/2

[Event "Rapid Tournament (RAP)"]
[Site "Biel, Switzerland"]
[Date "2026.07.12"]
[Round "9.50"]
[White "Hardt, Winfried"]
[Black "Liengme, Samuel"]
[Result "1-0"]
[TimeControl "15 + 5"]
[WhiteTitle "-"]
[BlackTitle "-"]
[WhiteFideId "1309293"]
[BlackFideId "1368141"]
[WhiteElo "1738"]
[BlackElo "1967"]

1. e4 c6 2. d3 d5 3. Nf3 Bg4 4. h3 Bxf3 5. Qxf3 dxe4 6. dxe4 e6 7. Bf4 Bd6 8. Nd2 Bxf4 9. Qxf4 Nf6 10.
O-O-O O-O 11. Bc4 b5 12. Bb3 Qe7 13. g4 a5 14. e5 Nd5 15. Bxd5 cxd5 16. Nf3 b4 17. Nd4 a4 18. Kb1 Nd7 19.
Nc6 Qc5 20. Nxb4 Rfb8 21. a3 Nb6 22. Qd4 Qc7 23. Rd3 Nc4 24. f4 Ra5 25. Ka2 Rab5 26. b3 Na5 27. Rc3 Qb7 28. Rc5 Rc8 29.
Rxc8+ Qxc8 30. bxa4 Rb7 31. Rb1 Nc4 32. Rb3 Qd7 33. Qc5 Rc7 34. Qb5 Qc8 35. Qa6 Qd8 36. Nd3 Ne3 37. c3 d4 38.
c4 Rxc4 39. Qb6 Rc2+ 40. Ka1 h5 41.
Qxd8+ Kh7 42. Qb6 Rh2 43. Nc1 Rxh3 44. Qxd4 Nc2+ 45. Kb2 Rxb3+ 46. Kxc2 Rxa3 47. Qd3+ 1-0

[Event "Rapid Tournament (RAP)"]
[Site "Biel, Switzerland"]
[Date "2026.07.12"]
[Round "9.51"]
[White "Martin, Gerome"]
[Black "Schwab, Felix"]
[Result "0-1"]
[TimeControl "15 + 5"]
[WhiteTitle "-"]
[BlackTitle "-"]
[WhiteFideId "1360817"]
[BlackFideId "1311450"]
[WhiteElo "1757"]
[BlackElo "1945"]

1. e4 e5 2. Nc3 Nc6 3. Bc4 Nf6 4.
d3 Bb4 5. Nge2 d5 6. exd5 Nxd5 7. Bd2 Be6 8. O-O O-O 9. Ne4 Be7 10. N2g3 f5 11. Nc3 Kh8 12. Qh5 Nf6 13. Qe2 Bxc4 14.
dxc4 Qd7 15. Rad1 Qe6 16. Bg5 Nd4 17. Rxd4 Rad8 18. Rxd8 Rxd8 19. Bf4 e4 20. Bxc7 Rc8 21. Bf4 Rxc4 22. Nxf5 Rxc3 23. bxc3 Qxf5 24.
Be3 b6 25. Rd1 h5 26. h3 Nd5 27. Qb5 Nxe3 28. Qe8+ Kh7 29. fxe3 Bc5 30. Re1 a5 31. Qd8 Qe5 32. Qh4 Bd6 33.
g4 Qh2+ 34. Kf1 Qh1+ 35. Ke2 Qg2+ 36.
Kd1 Qf3+ 37. Re2 g6 38. gxh5 gxh5 39. Kd2 Qf5 40. Rf2 Qd5+ 41. Kc1 Ba3+ 42. Kb1 Qd1# 0-1

[Event "Rapid Tournament (RAP)"]
[Site "Biel, Switzerland"]
[Date "2026.07.12"]
[Round "9.52"]
[White "Surdez, Patrick"]
[Black "Berger, Vincent"]
[Result "1/2-1/2"]
[TimeControl "15 + 5"]
[WhiteTitle "-"]
[BlackTitle "-"]
[WhiteFideId "1380206"]
[BlackFideId "1317822"]
[WhiteElo "1695"]
[BlackElo "1877"]

1. c4 e6 2. g3 Nf6 3. Bg2 d5 4. d4 Be7 5. Qc2 O-O 6. Nf3 dxc4 7. Qxc4 Nbd7 8. O-O c5 9. dxc5 Bxc5 10.
Bg5 h6 11. Bd2 Qe7 12. Nc3 a6 13. Rfd1 b5 14. Qh4 Bb7 15. Rac1 Rac8 16. e4 Rfe8 17. e5 Nd5 18. Qxe7 Bxe7 19.
Ne4 N7b6 20. Nd6 Bxd6 21. exd6 Rxc1 22. Rxc1 Nc4 23. b3 Nxd6 24. Ne5 Rc8 25. Rxc8+ Nxc8 26. Nd7 f6 27. Nc5 Nd6 28.
Nxe6 Ne7 29. Nc5 Bc8 30. Kf1 Kf7 31. Ke2 Ng6 32. f4 Ne7 33. Kd3 Nef5 34. Bd5+ Ke7 35. g4 Nh4 36. Be1 Ng6 37.
Bd2 1/2-1/2

[Event "Rapid Tournament (RAP)"]
[Site "Biel, Switzerland"]
[Date "2026.07.12"]
[Round "9.53"]
[White "Jaussi, Kevin"]
[Black "Jaggy, Enzo"]
[Result "1/2-1/2"]
[TimeControl "15 + 5"]
[WhiteTitle "-"]
[BlackTitle "-"]
[WhiteFideId "1324721"]
[BlackFideId "1344919"]
[WhiteElo "1859"]
[BlackElo "1682"]

1. d4 d5 2. Bf4 Nf6 3. e3 c5 4. Nc3 a6 5. Nf3 Bg4 6. h3 Bxf3 7. Qxf3 e6 8. g4 cxd4 9.
exd4 Nc6 10. Be5 Nxe5 11. dxe5 Nd7 12. Qe3 Bc5 13. Qe2 Qh4 14. Rh2 Bd4 15. O-O-O Qg5+ 16. Kb1 Qxe5 17. f3 Bxc3 18.
bxc3 Qxe2 19. Rxe2 O-O 20. c4 Nb6 21. c5 Na4 22. Rd3 Nxc5 23. Rde3 Rac8 24. Rd2 Rc7 25. Bg2 Nd7 26. f4 Nb6 27.
Rb3 Nc4 28. Re2 a5 29. f5 a4 30. Rb4 Re8 31. Bxd5 Na3+ 32. Kb2 Rxc2+ 33. Rxc2 Nxc2 34. fxe6 fxe6 35. Rxa4 exd5 36. Kxc2 Re3 37.
h4 Kf7 38. Kd2 Rh3 39. g5 Kg6 40. Rd4 Rh2+ 41. Ke3 Rxa2 42. Rxd5 Ra4 43. Rb5 Rxh4 44. Rxb7 Rg4 45. Kf3 Rxg5 46. Rb6+ Kh5 47. Rb4 g6 48.
Rb7 Rf5+ 49. Kg3 h6 50. Rb1 Kg5 51. Rb3 h5 52. Rb6 h4+ 53. Kh2 Kh5 54. Rb8 Kg4 55. Rb2 g5 56. Kg2 h3+ 57.
Kh2 Kh4 58. Kg1 g4 59. Rb4 Rf3 60. Rc4 Kg3 61. Rc1 h2+ 62. Kh1 Rf2 63. Rc3+ Kf4 64. Rc4+ Kf3 65. Rc3+ Ke2 66. Rc2+ Kf3 67.
Rc3+ Kf4 68. Rc4+ Kg5 69. Rxg4+ Kf5 70. Rg8 Ke4 71. Re8+ Kd3 72. Rd8+ Ke2 73. Re8+ Kf1 74. Rh8 1/2-1/2